 Dungeon Crawl Stone Soup version 0.17.0-24-gcfadda4 (console) character file.

32 gw the Twirler (level 3, -1/31 HPs)
             Began as a Minotaur Gladiator on Nov 17, 2015.
             Slain by a kobold (2 damage)
             ... on level 2 of the Dungeon.
             The game lasted 00:00:53 (814 turns).

gw the Twirler (Minotaur Gladiator)                  Turns: 814, Time: 00:00:53

Health: -1/31      AC:  3    Str: 16 (19) XL:     3   Next: 10%
Magic:  2/2        EV: 14    Int:  5      God:
Gold:   41         SH:  0    Dex: 11      Spells: 0 memorised, 2 levels left

rFire  . . .     SeeInvis .     a - +0 quarterstaff
rCold  . . .     Clarity  .     b - +0 leather armour
rNeg   . . .     SustAt   .     (shield currently unavailable)
rPois  .         Gourm    .     c - +0 hat
rElec  .         Spirit   .     (no cloak)
rCorr  .         Warding  .     (no gloves)
rMut   .         Stasis   .     (no boots)
MR     .....                    (no amulet)
Stlth  +.........               (no ring)
                                i - +2 ring of evasion

@: not resistant to hostile enchantments, very unstealthy
A: retaliatory headbutt, horns 2
a: no special abilities


You were on level 2 of the Dungeon.
You were not hungry.

You visited 1 branch of the dungeon, and saw 2 of its levels.

You collected 41 gold pieces.

Inventory:

Hand Weapons
 a - a +0 quarterstaff (weapon)
Missiles
 d - 5 throwing nets
 f - 28 stones
 m - a tomahawk (quivered)
Armour
 b - a +0 leather armour (worn)
 c - a +0 hat (worn)
Jewellery
 i - a +2 ring of evasion (left hand)
Scrolls
 h - a scroll of enchant weapon {unknown}
 k - 3 scrolls of remove curse
 l - a scroll of identify
Potions
 g - a potion of curing
Comestibles
 e - a bread ration
 j - a beef jerky


   Skills:
 + Level 3.2 Fighting
 * Level 4.2 Staves
 + Level 2.1 Throwing
 + Level 1.2 Armour
 - Level 3.2 Dodging


You had 2 spell levels left.
You didn't know any spells.

Dungeon Overview and Level Annotations

Branches:
Dungeon (2/15)

Altars:

Annotations:
D:2 Natasha


Innate Abilities, Weirdness & Mutations

You reflexively headbutt those who attack you in melee.
You have a pair of horns on your head.


Message History

Natasha mumbles some strange words.
The kobold hits you. The white imp closely misses you.
Natasha stares at you and mumbles some strange words.
The magic dart hits you!
ATTACK MOVE TO (0,-1)
You barely miss the kobold. Your headbutt misses the kobold.
The kobold is heavily wounded.
The kobold completely misses you.
The white imp hits you but does no damage.
The crimson imp blinks!
Natasha closely misses you.
ATTACK MOVE TO (0,-1)
You barely miss the kobold.
The kobold is heavily wounded.
The kobold closely misses you. The white imp hits you.
The white imp freezes you.
The crimson imp blinks!
Natasha closely misses you.
ATTACK MOVE TO (0,-1)
You miss the kobold. Your headbutt misses the kobold.
The kobold is heavily wounded.
The kobold hits you.
You die...

#######.#.#
#......ยค#.###
#........#.>.
#...)......##
#...........5
#....>.....
#....Kh.#.#.#
#...)H5.....#
######..#####..#
.......(#####..#
................
#######.#####.##
#.# #.# #.#
#####.#


You could see Natasha, a crimson imp, a white imp and a kobold.

Table legend:
 A = Turns spent in this place as a percentage of turns spent in the entire game.
 B = Non-inter-level travel turns spent in this place as a percentage of non-inter-level travel turns spent in the entire game.
 C = Inter-level travel turns spent in this place as a percentage of turns spent in this place.
 D = Turns resting spent in this place as a percentage of non-inter-level travel turns spent in this place.
 E = Turns spent auto-exploring this place as a percentage of non-inter-level travel turns spent in this place.
 F = Non-inter-level travel turns spent in this place divided by the number of levels of this place that you've seen.
                   A       B       C       D       E      F
               +-------+-------+-------+-------+-------+----------------------
         Total | 100.0 | 100.0 |   0.1 |   1.2 |   3.2 | 584.5
       Dungeon | 100.0 | 100.0 |   0.1 |   1.2 |   3.2 | 584.5
               +-------+-------+-------+-------+-------+----------------------

Table legend:
 A = Kills in this place as a percentage of kills in entire the game.
 B = Kills by you in this place as a percentage of kills by you in the entire game.
 C = Kills by friends in this place as a percentage of kills by friends in the entire game.
 D = Other kills in this place as a percentage of other kills in the entire game.
 E = Experience gained in this place as a percentage of experience gained in the entire game.
 F = Experience gained in this place divided by the number of levels of this place that you have seen.
                   A       B       C       D       E      F
               +-------+-------+-------+-------+-------+----------------------
         Total | 100.0 | 100.0 |  -nan |  -nan | 100.0 |  23.5
       Dungeon | 100.0 | 100.0 |  -nan |  -nan | 100.0 |  23.5
               +-------+-------+-------+-------+-------+----------------------

Vanquished Creatures
  An ooze (D:1)
  A giant gecko (D:1)
  A giant cockroach (D:1)
  7 hobgoblins
  2 jackals (D:1)
  3 bats (D:1)
  A giant newt (D:1)
  5 goblins (D:1)
  3 kobolds (D:1)
  A rat (D:1)
25 creatures vanquished.

Notes
Turn   | Place    | Note
--------------------------------------------------------------
     0 | D:1      | gw the Minotaur Gladiator began the quest for the Orb.
     0 | D:1      | Reached XP level 1. HP: 18/18 MP: 0/0
   180 | D:1      | Reached XP level 2. HP: 20/25 MP: 1/1
   267 | D:1      | Reached skill level 4 in Staves
   273 | D:1      | Reached skill level 1 in Armour
   700 | D:2      | Reached XP level 3. HP: 31/31 MP: 2/2
   803 | D:2      | Noticed Natasha
   813 | D:2      | HP: 1/31 [white imp[Natasha] (3)]
   814 | D:2      | Slain by a kobold

Action                   || total
-------------------------++-------
Melee: Quarterstaff      ||    37
Throw: Stone             ||    19
       Tomahawk          ||     7
  Use: Scroll            ||     3
       Potion            ||     3

Vault maps used:
D:1:      dpeg_arrival_leaves_temple_mockup
D:2:      uniq_robin, uniq_natasha
